 Dungeon Crawl Stone Soup version 0.29.0-7-g18a832c13a (webtiles) character file.

Game seed: 4997375832280660562

112 raistware the Conjurer (level 4, -2/27 HPs)
             Began as an Octopode Conjurer on Aug 30, 2022.
             Killed from afar by an orc wizard (13 damage)
             ... with a puff of flame
             ... on level 3 of the Dungeon.
             The game lasted 00:03:47 (2422 turns).

raistware the Conjurer (Octopode Conjurer)          Turns: 2422, Time: 00:03:49

Health: -2/27      AC:  1    Str:  6    XL:     4   Next: 95%
Magic:  10/10      EV: 13    Int: 22    God:
Gold:   99         SH:  0    Dex: 10    Spells: 6/11 levels left

rFire   . . .      SeeInvis .   e - +2 dagger (venom)
rCold   . . .      Faith    +   (no shield)
rNeg    . . .      Spirit   .   (helmet restricted)
rPois   .          Reflect  .   i - amulet of faith
rElec   .          Harm     .   (no ring)
rCorr   .          Rampage  .   (no ring)
Will    .....                   (no ring)
Stlth   ++........              (no ring)
HPRegen 0.09/turn               (no ring)
MPRegen 0.12/turn               (no ring)
                                (no ring)
                                (no ring)

@: confused
A: almost no armour, amphibious, 8 rings, camouflage 1, gelatinous body 1,
(nimble swimmer 1), tentacles
a: no special abilities


You were on level 3 of the Dungeon.
You visited 1 branch of the dungeon, and saw 3 of its levels.

You collected 99 gold pieces.

Inventory:

Hand Weapons
 e - a +2 dagger of venom (weapon)
Missiles
 h - 4 poisoned darts
Jewellery
 i - an amulet of faith (around mantle)
Scrolls
 b - 5 scrolls of identify {unknown}
 d - 2 scrolls of poison {unknown}
 f - a scroll of silence {unknown}
 g - a scroll of fear {unknown}
 k - a scroll of enchant weapon {unknown}
 m - a scroll of blinking {unknown}
Potions
 a - a potion of magic
 c - a potion of ambrosia
 j - 2 potions of attraction {unknown}
 l - a potion of invisibility {unknown}


   Skills:
 - Level 2.0 Dodging
 - Level 2.6 Stealth
 - Level 4.0 Spellcasting
 + Level 4.3 Conjurations
 + Level 1.3 Translocations


You had 6 spell levels left.
You knew the following spells:

 Your Spells              Type           Power      Damage    Failure   Level
a - Magic Dart            Conj           92%        1d7       1%          1
b - Iskenderun's Mystic   Conj/Tloc      17%        2d5       34%         4

Your spell library contained the following spells:

 Spells                   Type           Power      Damage    Failure   Level
 Searing Ray              Conj           46%        2d6       2%          2
 Necrotise                Necr           16%        1d4       11%         1
 Dazzling Flash           Conj/Hex       28%        N/A       14%         3
 Vampiric Draining        Necr           4%         2d6       32%         3
 Fulminant Prism          Conj/Hex       7%         3d7       41%         4
 Agony                    Necr           4%         N/A       97%         5


Dungeon Overview and Level Annotations

Branches:
Dungeon (3/15)

Altars:
Gozag
Xom

Annotations:
D:3 Terence


Innate Abilities, Weirdness & Mutations

You cannot wear most types of armour.
You are amphibious.
You can wear up to eight rings at the same time.
Your skin changes colour to match your surroundings (Stealth+).
Your rubbery body absorbs attacks. (AC +1, EV +1)
((You are camouflaged when in or above water. (Stealth+)))
You have tentacles for arms and can constrict up to eight enemies at once.


Message History

Your Translocations skill increases to level 1!
You hit the orc.
The orc is poisoned.
Your grab misses the orc.
The orc is lightly wounded.
The orc closely misses you.
You hit the orc. Your grab misses the orc.
The orc is severely wounded.
The orc barely misses you.
You hit the orc.
You kill the orc!
A magic dart appears from out of thin air!
The magic dart hits you!
* * * LOW HITPOINT WARNING * * *
It was a potion of ambrosia.
You are confused.
You feel invigorated. Something hits you.
You bump into the rock wall.
Something hits you.
You bump into the rock wall.
You hear some strange, mumbled words.
You are more confused.
You miss something. Something hits you.
You bump into the rock wall.
You hear some strange, mumbled words.
You are more confused.
You're too confused to move!
Something hits you.
You closely miss something. Your squeeze misses something. Something hits you.
You closely miss something.
You feel less invigorated. Something hits you.
You bump into the rock wall.
You hear some strange, mumbled words.
A magic dart appears from out of thin air!
The magic dart hits you!
You bump into the rock wall.
You hear some strange, mumbled words.
You are more confused.
You bump into the rock wall.
Something hits you.
You bump into the rock wall.
You hear some strange, mumbled words.
A puff of flame appears from out of thin air!
The puff of flame hits you!
You die...

#.# .. #.# ...#
#.# ...o.##.#
.......o####
#.[..# ####)#
#{# #@# #.##
#..# ##.# ###
#.## #.. #..#
####.# ##.######
#..... #......##
#.##..
######..###.##..


There were no monsters in sight!

Vanquished Creatures
  An orc priest (D:3)
  4 adders
  An ufetubus (D:2)
  A dart slug (D:3)
  2 orcs (D:3)
  2 ball pythons
  2 endoplasms
  3 goblins (D:2)
  4 hobgoblins
  3 jackals (D:1)
  A quokka (D:2)
  5 bats
  2 frilled lizards
  5 kobolds
  3 rats
39 creatures vanquished.

Notes
Turn   | Place    | Note
-------+----------+-------------------------------------------
     0 | D:1      | raistware the Octopode Conjurer began the quest for the
                  | Orb.
     0 | D:1      | Reached XP level 1. HP: 11/11 MP: 3/3
   517 | D:1      | Reached XP level 2. HP: 17/17 MP: 0/5
  1342 | D:2      | Found a faded altar of an unknown god.
  1361 | D:2      | Reached XP level 3. HP: 21/21 MP: 3/7
  1920 | D:2      | Reached XP level 4. HP: 27/27 MP: 6/10
  1927 | D:2      | Learned a level 4 spell: Iskenderun's Mystic Blast
  2188 | D:3      | Noticed Terence
  2244 | D:3      | Found a shimmering altar of Xom.
  2343 | D:3      | Found an opulent altar of Gozag.
  2406 | D:3      | Reached skill level 1 in Translocations
  2422 | D:3      | Killed from afar by an orc wizard

Illustrated notes

Levels and vault maps discovered:
D:1:      heliophobic_arrival_ceremonial_halls, layout_basic,
          chequers_serial_rivers_micro_d
D:2:      layout_basic, basic_ecumenical_altar
D:3:      layout_basic, nicolae_gozag_conspicuous_consumption,
          brannock_xom_greatest_gift, skrybe_limestone_x,
          dreamdust_princess_bridge, solitary_fountain, uniq_terence,
          uniq_crazy_yiuf_cottage

Skill      XL: |  1  2  3  4 |
---------------+-------------+-----
Spellcasting   | 3 4 |  4.0
Translocations | 1 |  1.3
Dodging        | |  2.0
Stealth        | |  2.6
Conjurations   | |  4.3

Action                   |  1- 3 |  4- 6 || total
-------------------------+-------+-------++-------
Melee: Unarmed           |     6 |       ||     6
       Dagger            |     8 |    13 ||    21
       Constrict         |     2 |       ||     2
       Punch             |     1 |       ||     1
       Tentacles         |     1 |     2 ||     3
 Cast: Magic Dart        |    64 |    13 ||    77
  Use: Potion            |       |     1 ||     1
 Stab: Sleeping          |       |     1 ||     1
Armor: Skin              |     3 |     1 ||     4
Dodge: Dodged            |    17 |     4 ||    21
